Cogmind - Beta 10.2 @@@ ROGUE MODE // 2021.04.06 @ 22:22:55 Player: CrossedViper Result: Destroyed by S-27 Virus with Autogun Performance ------------- Evolutions (4) 2000 Regions Visited (13) 2600 Robots Destroyed (64) 320 Value Destroyed (1678) 1678 Prototype IDs (222) 4440 Alien Tech Used (0) 0 Bonus (3709) 3709 TOTAL SCORE: 14747 Bonus ------- High Alert Combat Kills 18 Follower Combat Kills 885 Met Data Miner 300 Used Data Conduit 3000 Met Imprinter 300 Was Imprinted 300 Friendly Fire -1094 Cogmind --------- Core Integrity 0/850 Matter 300/300 Energy 98/100 System Corruption 0% Temperature Cool (0) Movement Core (50) Location -5/Proximity Caves Parts ------- > --- POWER (1) -------- (None) > --- PROPULSION (4) --- (None) > --- UTILITY (8) ------ Experimental Optical Array Advanced Melee Analysis Suite Experimental Target Analyzer Experimental Armor Integrity Analyzer Quantum Router > --- WEAPON (2) ------- Makeshift Spear > --- INVENTORY (4) ---- Deep Network Scanner Ghost Barrier Phasing AFG 01-MTF's Shockpuncher Peak State ------------ > --- POWER ------------ Mini Fusion Reactor > --- PROPULSION ------- Improved Flight Unit Improved Flight Unit Improved Flight Unit Improved Cesium-ion Thruster > --- UTILITY ---------- Experimental Heat Sink Advanced Weight Redist. System Experimental Optical Array Advanced Melee Analysis Suite Experimental Target Analyzer Experimental Armor Integrity Analyzer Layered Medium Armor Plating Phasing AFG > --- WEAPON ----------- Makeshift Spear CR-A16's Pointy Stick > --- INVENTORY -------- Improved Medium Armor Plating 01-MTF's Shockpuncher [Rating: 90] Favorites ----------- Power Mini Fusion Reactor Engine Cooled Ion Engine Reactor Mini Fusion Reactor Propulsion Improved Flight Unit Treads Light Treads Wheel Wheel Hover Unit Cooled Gravmag System Flight Unit Improved Flight Unit Utility Utility Shielding Device Experimental Heat Sink Storage High-capacity Storage Unit Processor Experimental Target Analyzer Hackware Quantum Router Protection Utility Shielding Weapon Spread Laser Energy Gun Spread Laser Energy Cannon Ion Burst Cannon Ballistic Gun Heavy Assault Rifle Launcher Mini Grenade Launcher Piercing Weapon Makeshift Spear Build | -11 -10 -9 -9 -8 -7 -7 -7 -6 -6 -6 -6 -6 -5 ------- Run | Scr Mat Mat Sto Mat Fac Low Zio Pro Fac Low Low Dat Pro Slots Evolved 8 | . . 2 . 2 2 . . . 2 . . . . Power . | . . . . . . . . . . . . . . Propulsion 2 | . . . . 2 . . . . . . . . . Utility 6 | . . 2 . . 2 . . . 2 . . . . Weapon . | . . . . . . . . . . . . . . Parts Attached 116 | 7 4 16 23 11 19 . 20 1 6 8 . 1 . Power 12 | 2 . 3 3 1 2 . 1 . . . . . . Engine 9 | 2 . 3 3 1 . . . . . . . . . Core . | . . . . . . . . . . . . . . Reactor 3 | . . . . . 2 . 1 . . . . . . Propulsion 30 | 2 1 5 7 6 4 . 5 . . . . . . Treads 13 | 2 . 2 5 4 . . . . . . . . . Leg . | . . . . . . . . . . . . . . Wheel 4 | . 1 3 . . . . . . . . . . . Hover 1 | . . . 1 . . . . . . . . . . Flight 12 | . . . 1 2 4 . 5 . . . . . . Utility 42 | 1 2 4 4 . 9 . 10 1 4 6 . 1 . Device 18 | . . 3 3 . 2 . 5 . 1 4 . . . Storage 3 | 1 1 . . . 1 . . . . . . . . Processor 8 | . . . . . 3 . 5 . . . . . . Hackware 1 | . . . . . . . . . . . . 1 . Protection 12 | . 1 1 1 . 3 . . 1 3 2 . . . Artifact . | . . . . . . . . . . . . . . Weapon 32 | 2 1 4 9 4 4 . 4 . 2 2 . . . Energy Gun 17 | . 1 3 6 2 3 . . . 1 1 . . . Energy Cannon 2 | . . . 1 1 . . . . . . . . . Ballistic Gun 5 | 2 . 1 1 1 . . . . . . . . . Ballistic Cannon . | . . . . . . . . . . . . . . Launcher 2 | . . . 1 . 1 . . . . . . . . Special Weapon . | . . . . . . . . . . . . . . Impact Weapon . | . . . . . . . . . . . . . . Slashing Weapon . | . . . . . . . . . . . . . . Piercing Weapon 6 | . . . . . . . 4 . 1 1 . . . Special Melee Weapon . | . . . . . . . . . . . . . . Unidentified Prototypes 18 | . . 1 7 . 3 . 5 . 1 . . 1 . Parts Lost 17 | . 1 2 . 5 . . . . . 3 . 3 3 Power 2 | . . . . 1 . . . . . . . 1 . Propulsion 6 | . . 1 . 1 . . . . . 1 . 2 1 Utility 4 | . . 1 . . . . . . . 2 . . 1 Weapon 5 | . 1 . . 3 . . . . . . . . 1 Highest Loss Streak 3 | . 1 1 . 2 . . . . . 3 . 3 3 Average Slot Usage (%) 94 | . 98 94 99 93 90 . 93 100 98 92 93 93 56 Engine 5 | . 14 11 10 8 . . . . . . . . . Reactor 2 | . . . . . 7 . 6 7 6 6 6 6 . Treads 10 | . 14 14 21 18 . . . . . . . . . Wheel 2 | . 13 7 . . . . . . . . . . . Flight 13 | . . . . 13 30 . 28 30 26 20 20 20 2 Device 11 | . . 17 12 9 7 . 13 7 13 14 13 13 8 Storage 6 | . 14 11 11 9 7 . . . . . . . . Processor 9 | . . . . . 13 . 21 30 26 26 26 26 26 Protection 13 | . 13 11 19 18 15 . 5 6 11 10 13 11 . Energy Gun 8 | . 2 12 18 11 6 . . . . 1 . . . Ballistic Gun 4 | . 25 9 3 1 . . . . . . . . . Piercing Weapon 4 | . . . . . . . 12 15 12 11 13 13 9 Naked Turns . | . . . . . . . . . . . . . . Heaviest Build 55 | 12 42 48 51 55 25 25 25 19 26 27 23 23 15 Greatest Support 60 | 3 10 40 40 60 26 26 26 26 26 35 29 29 17 Greatest Overweight (x) 4 | 3 4 4 2 2 . . 3 . . . . . . Average Overweight (x) . | 1 3 2 1 . . . . . . . . . . Largest Inventory Capacity 14 | 6 14 12 12 12 12 4 4 4 4 4 4 4 4 Average Capacity 8 | 5 11 12 12 12 4 4 4 4 4 4 4 4 4 Most Carried 12 | 4 9 12 12 12 12 4 4 4 4 4 4 4 4 Average Carried 7 | 2 8 10 11 11 4 4 3 4 3 3 4 3 4 Final Capacity 12 | 6 12 12 12 12 4 4 4 4 4 4 4 4 4 Final Carried 12 | 4 8 12 12 12 4 4 4 4 4 4 4 4 4 Class Distribution -------------------- 38% | Mutant 20% | Scavenger-Sprinter 19% | Sprinter 17% | Scavenger-Mutant Dominant Class ---------------- Mutant | -10/Materials Scavenger-Mutant | -9/Materials Mutant | -9/Storage Mutant | -8/Materials Scavenger-Sprinter | -7/Factory Scavenger-Sprinter | -7/Lower Caves Sprinter | -7/Zion Sprinter | -6/Proximity Caves Sprinter | -6/Factory Scavenger-Sprinter | -6/Lower Caves Scavenger-Sprinter | -6/Lower Caves Scavenger-Sprinter | -6/Data Miner Hacker-Mutant | -5/Proximity Caves Resources | -11 -10 -9 -9 -8 -7 -7 -7 -6 -6 -6 -6 -6 -5 ----------- Run | Scr Mat Mat Sto Mat Fac Low Zio Pro Fac Low Low Dat Pro Matter Collected 1632 | 236 185 260 284 140 150 . 83 60 157 77 . . . Remotely 290 | . . 210 80 . . . . . . . . . . Salvage Created 2522 | . 243 722 282 827 93 . . . 135 194 . 26 . Parts 127 | . 11 34 17 42 2 . . . 7 10 . 4 . Haulers Intercepted 7 | . . 1 2 2 1 . . . 1 . . . . Recyclers Shooed 4 | . . 3 1 . . . . . . . . . . Parts Field Recycled . | . . . . . . . . . . . . . . Retrieved Matter . | . . . . . . . . . . . . . . Parts Self-Destructed 10 | . . . . . . . . 2 . 6 2 . . Prevented 3 | . . . . . . . . 1 . 2 . . . Kills | -11 -10 -9 -9 -8 -7 -7 -7 -6 -6 -6 -6 -6 -5 ------- Run | Scr Mat Mat Sto Mat Fac Low Zio Pro Fac Low Low Dat Pro Combat Hostiles Destroyed 40 | . 7 13 1 16 . . . . 1 2 . . . Melee 1 | . . . . . . . . . . 1 . . . Guns 31 | . 7 12 1 10 . . . . 1 . . . . Cannons 6 | . . . . 6 . . . . . . . . . Classes Destroyed 14 | . 3 4 1 2 2 . . . . 2 . . . Worker 6 | . . 3 . 3 . . . . . . . . . Builder 2 | . . . . 2 . . . . . . . . . Tunneler 1 | . 1 . . . . . . . . . . . . Hauler 7 | . . 1 2 2 1 . . . 1 . . . . Recycler 2 | . . . 1 1 . . . . . . . . . Minesweeper 1 | . . . . . . . . . . 1 . . . Operator 2 | . . . . . 1 . . . 1 . . . . Watcher 1 | . . . . . 1 . . . . . . . . Swarmer 8 | . 3 . . 4 . . . . 1 . . . . Grunt 23 | . 4 8 1 9 . . . . . 1 . . . Duelist 1 | . . 1 . . . . . . . . . . . Sentry 6 | . . 4 . 2 . . . . . . . . . Hunter 1 | . . . . 1 . . . . . . . . . Behemoth 1 | . . . . . . . . . . 1 . . . Best Kill Streak 9 | . 3 7 1 9 1 . . . 2 2 . 1 . Combat Bots Only 4 | . 3 3 1 4 . . . . 1 1 . . . Max Kills in Single Turn 3 | . 2 2 1 3 1 . . . 1 1 . 1 . Gunslinging 1 | . 1 1 . . . . . . . . . . . Exploded . | . . . . . . . . . . . . . . Melee 1 | . . . . . . . . . . 1 . . . Uniques/NPCs Destroyed 2 | . . . 1 . . . . . . . . 1 . 01-MTF (-9/Storage) Data Miner (-6/Data Miner) Combat | -11 -10 -9 -9 -8 -7 -7 -7 -6 -6 -6 -6 -6 -5 -------- Run | Scr Mat Mat Sto Mat Fac Low Zio Pro Fac Low Low Dat Pro Damage Taken 4313 | . 354 517 94 1378 76 . . . 34 814 96 143 807 Core 1225 | . 27 90 . 222 33 . . . 21 139 39 . 654 Absorbed by Shields . | . . . . . . . . . . . . . . Core Remaining (%) 84 | 100 89 . 77 59 . . . 95 . . . . . Volleys Fired 210 | . 31 51 35 76 6 . . . 3 8 . . . Largest 2 | . 2 2 2 2 1 . . . 1 1 . . . Hottest 165 | . 40 121 130 165 50 . . . 50 50 . . . Shots Fired 325 | . 56 99 50 103 6 . . . 3 8 . . . Gun 292 | . 56 99 49 71 6 . . . 3 8 . . . Cannon 32 | . . . . 32 . . . . . . . . . Launcher 1 | . . . 1 . . . . . . . . . . Special . | . . . . . . . . . . . . . . Kinetic 111 | . 56 35 8 12 . . . . . . . . . Thermal 185 | . . 58 41 86 . . . . . . . . . Explosive 1 | . . . 1 . . . . . . . . . . Electromagnetic 28 | . . 6 . 5 6 . . . 3 8 . . . Robot Hit Streak 18 | . 8 18 14 17 4 . . . 1 4 . . . Robot Miss Streak 9 | . 3 2 7 9 3 . . . 2 5 . . . Penetration Max . | . . . . . . . . . . . . . . Secondary Targets 3 | . 1 2 . . . . . . . . . . . Max Gunslinging Chain 1 | . 1 1 . . . . . . . . . . . Shots Hit Robots 264 | . 38 72 42 89 4 . . . 5 13 . 1 . Core Hits 158 | . 16 28 28 72 3 . . . 3 7 . 1 . Critical Hits 2 | . 1 . . . . . . . 1 . . . . Critical Kills 1 | . . . . . . . . . 1 . . . . Critical Parts Destroyed 1 | . 1 . . . . . . . . . . . . Melee Attacks 21 | . . . . . . . . 1 3 15 . 1 1 Impact . | . . . . . . . . . . . . . . Slashing . | . . . . . . . . . . . . . . Piercing 21 | . . . . . . . . 1 3 15 . 1 1 Sneak Attacks 2 | . . . . . . . . . 1 . . 1 . Combat Hostiles . | . . . . . . . . . . . . . . Follow-up Attacks 3 | . . . . . . . . . . 3 . . . Damage Inflicted 4882 | . 403 1049 526 1893 193 . . . 185 508 . 125 . Guns 3267 | . 403 1033 395 1055 156 . . . 23 202 . . . Cannons 820 | . . . . 820 . . . . . . . . . Explosions 86 | . . . 49 . 37 . . . . . . . . Melee 593 | . . . . . . . . . 162 306 . 125 . Ramming 116 | . . 16 82 18 . . . . . . . . . Kinetic 964 | . 403 364 62 135 . . . . . . . . . Thermal 2516 | . . 610 333 1536 37 . . . . . . . . Explosive 49 | . . . 49 . . . . . . . . . . Electromagnetic 644 | . . 59 . 204 156 . . . 23 202 . . . Impact . | . . . . . . . . . . . . . . Slashing . | . . . . . . . . . . . . . . Piercing 593 | . . . . . . . . . 162 306 . 125 . Highest Corruption 2 | . 2 . 2 . . . . . . . . . . Average Corruption 1 | . 2 . 1 . . . . . . . . . . Corruption Purged . | . . . . . . . . . . . . . . Effects 11 | . 6 . 5 . . . . . . . . . . Message Errors 5 | . 2 . 3 . . . . . . . . . . Energy Discharges 2 | . 1 . 1 . . . . . . . . . . Targeting Errors 2 | . 1 . 1 . . . . . . . . . . Weapon Failures 2 | . 2 . . . . . . . . . . . . Overload Shots . | . . . . . . . . . . . . . . Overflow Damage 2 | . . . . 2 . . . . . . . . . Projectiles 2 | . . . . 2 . . . . . . . . . Explosions . | . . . . . . . . . . . . . . Melee . | . . . . . . . . . . . . . . Knockbacks 1 | . . . 1 . . . . . . . . . . Impact 1 | . . . 1 . . . . . . . . . . Kinetic . | . . . . . . . . . . . . . . Secondary . | . . . . . . . . . . . . . . Self-Inflicted Damage 67 | . . 5 47 . 15 . . . . . . . . Shots 2 | . . . 1 . 1 . . . . . . . . Rammed 26 | . . 3 20 3 . . . . . . . . . Targets Rammed 26 | . . 3 20 3 . . . . . . . . . Kicked . | . . . . . . . . . . . . . . Crushed . | . . . . . . . . . . . . . . Highest Temperature 252 | . 12 252 90 115 11 . . . . 11 . . . Average Temperature 46 | . 6 105 33 27 11 . . . . 4 . . . Received Heat Transfer 987 | . 168 183 21 405 18 . . . . 105 45 18 24 Effects 3 | . . 3 . . . . . . . . . . . Interference 3 | . . 3 . . . . . . . . . . . Siege Activations . | . . . . . . . . . . . . . . Robots Corrupted 1 | . . . . . . . . . . 1 . . . Combat Hostiles 1 | . . . . . . . . . . 1 . . . Parts Fried 3 | . . . . 1 2 . . . . . . . . Impact Corruptions . | . . . . . . . . . . . . . . Robots Melted 1 | . . 1 . . . . . . . . . . . Combat Hostiles 1 | . . 1 . . . . . . . . . . . Parts Melted 2 | . . 1 . 1 . . . . . . . . . Heat Transferred 4471 | . . 1424 887 2110 50 . . . . . . . . Parts Sabotaged . | . . . . . . . . . . . . . . Parts Stolen . | . . . . . . . . . . . . . . Parts Stripped . | . . . . . . . . . . . . . . Power Chain Reactions 1 | . . . . . 1 . . . . . . . . Missiles Intercepted . | . . . . . . . . . . . . . . Alert | -11 -10 -9 -9 -8 -7 -7 -7 -6 -6 -6 -6 -6 -5 ------- Run | Scr Mat Mat Sto Mat Fac Low Zio Pro Fac Low Low Dat Pro Peak Influence 490 | . 206 490 455 416 408 . . . 473 . . . . Initial 189 | . . 86 146 128 189 . . . 25 . . . . Average 255 | . 109 282 311 238 269 . . . 321 . . . . Maximum Alert Level 2 | . 1 2 2 2 2 . . . 2 . . . . Low Security (%) 33 | 100 83 32 15 46 6 . . . 20 . . . . Level 1 51 | . 16 51 61 41 88 . . . 40 . . . . Level 2 14 | . . 15 23 12 4 . . . 39 . . . . Level 3 . | . . . . . . . . . . . . . . Level 4 . | . . . . . . . . . . . . . . Level 5 . | . . . . . . . . . . . . . . High Security . | . . . . . . . . . . . . . . Max Security . | . . . . . . . . . . . . . . Squads Dispatched 13 | . 1 2 2 1 2 . . . 5 . . . . Investigation 5 | . 1 . . . 2 . . . 2 . . . . Extermination . | . . . . . . . . . . . . . . Reinforcement 5 | . . 2 1 1 . . . . 1 . . . . Assault . | . . . . . . . . . . . . . . Garrison 3 | . . . 1 . . . . . 2 . . . . Intercept . | . . . . . . . . . . . . . . Construction Impeded 1 | . . . . . . . . . 1 . . . . Haulers Reinforced . | . . . . . . . . . . . . . . Stealth | -11 -10 -9 -9 -8 -7 -7 -7 -6 -6 -6 -6 -6 -5 --------- Run | Scr Mat Mat Sto Mat Fac Low Zio Pro Fac Low Low Dat Pro Distress Signals 8 | . 1 3 2 . 2 . . . . . . . . Communications Jammed . | . . . . . . . . . . . . . . Distress Signals . | . . . . . . . . . . . . . . Times Spotted 139 | . 11 25 17 24 13 . . 3 18 3 5 4 16 Peak Tracking Total 8 | . 3 6 5 6 5 . . 5 8 1 5 4 8 Tactical Retreats 15 | . 1 2 . 1 3 . . . 3 1 1 . 3 Traps | -11 -10 -9 -9 -8 -7 -7 -7 -6 -6 -6 -6 -6 -5 ------- Run | Scr Mat Mat Sto Mat Fac Low Zio Pro Fac Low Low Dat Pro Traps Triggered 7 | . 1 . 4 . 2 . . . . . . . . Indirectly . | . . . . . . . . . . . . . . Trap Hack Attempts . | . . . . . . . . . . . . . . Triggered . | . . . . . . . . . . . . . . Disarmed . | . . . . . . . . . . . . . . Reprogrammed . | . . . . . . . . . . . . . . Reused . | . . . . . . . . . . . . . . Traps Extracted . | . . . . . . . . . . . . . . Installed 2 | . . . . . . . . . . . . 2 . Triggered . | . . . . . . . . . . . . . . Machines | -11 -10 -9 -9 -8 -7 -7 -7 -6 -6 -6 -6 -6 -5 ---------- Run | Scr Mat Mat Sto Mat Fac Low Zio Pro Fac Low Low Dat Pro Machines Disabled 4 | . . . 3 . 1 . . . . . . . . Max in Single Turn 1 | . . . 1 . 1 . . . . . . . . Machines Sabotaged . | . . . . . . . . . . . . . . Garrisons Compromised . | . . . . . . . . . . . . . . Overloaded Fab Kills . | . . . . . . . . . . . . . . Fab Network Shutdowns . | . . . . . . . . . . . . . . Hacking | -11 -10 -9 -9 -8 -7 -7 -7 -6 -6 -6 -6 -6 -5 --------- Run | Scr Mat Mat Sto Mat Fac Low Zio Pro Fac Low Low Dat Pro Machines Accessed 29 | . 3 3 7 2 8 . . . 1 1 . 4 . Terminals 19 | . 3 3 7 2 4 . . . . . . . . Fabricators 2 | . . . . . 2 . . . . . . . . Repair Stations . | . . . . . . . . . . . . . . Recycling Units . | . . . . . . . . . . . . . . Scanalyzers 3 | . . . . . 2 . . . 1 . . . . Garrison Access . | . . . . . . . . . . . . . . Total Hacks 83 | . 10 6 14 5 20 . . . 1 1 . 26 . Successful 51 | . 2 3 7 3 8 . . . 1 1 . 26 . Failed 32 | . 8 3 7 2 12 . . . . . . . . Catastrophic 4 | . 2 . . . 2 . . . . . . . . Database Lockouts . | . . . . . . . . . . . . . . Manual 56 | . 10 5 9 4 13 . . . 15 . . . . Terminals 50 | . 10 6 14 5 15 . . . . . . . . Fabricators 3 | . . . . . 3 . . . . . . . . Repair Stations . | . . . . . . . . . . . . . . Recycling Units . | . . . . . . . . . . . . . . Scanalyzers 3 | . . . . . 2 . . . 1 . . . . Garrison Access . | . . . . . . . . . . . . . . Terminal Hacks 41 | . 2 3 5 2 2 . . . . 1 . 26 . Record 11 | . . . . . . . . . . . . 11 . Part Schematic 6 | . . . . . 1 . . . . . . 5 . Robot Schematic 7 | . . . . . . . . . . . . 7 . Robot Analysis 3 | . 2 1 . . . . . . . . . . . Prototype ID Bank 3 | . . . . . . . . . . . . 3 . Open Door 3 | . . . 2 . . . . . . 1 . . . Level Access Points 1 | . . . . 1 . . . . . . . . . Branch Access Points 2 | . . 1 . . 1 . . . . . . . . Terminal Index 2 | . . 1 1 . . . . . . . . . . Alert Level 2 | . . . 1 1 . . . . . . . . . Unreport Threat 1 | . . . 1 . . . . . . . . . . Fabricator Hacks . | . . . . . . . . . . . . . . Repair Station Hacks . | . . . . . . . . . . . . . . Recycling Unit Hacks . | . . . . . . . . . . . . . . Scanalyzer 1 | . . . . . 1 . . . . . . . . Insert Component 1 | . . . . . 1 . . . . . . . . Garrison Access Hacks . | . . . . . . . . . . . . . . Unauthorized Hacks 9 | . . . 2 1 5 . . . 1 . . . . Terminals 6 | . . . 2 1 3 . . . . . . . . Assimilate 1 | . . . . . 1 . . . . . . . . Botnet 3 | . . . 1 1 1 . . . . . . . . Operators 2 | . . . 1 . 1 . . . . . . . . Fabricators 1 | . . . . . 1 . . . . . . . . Download 1 | . . . . . 1 . . . . . . . . Repair Stations . | . . . . . . . . . . . . . . Recycling Units . | . . . . . . . . . . . . . . Scanalyzers 2 | . . . . . 1 . . . 1 . . . . Extract 2 | . . . . . 1 . . . 1 . . . . Garrison Access . | . . . . . . . . . . . . . . Data Cores Recovered . | . . . . . . . . . . . . . . Used . | . . . . . . . . . . . . . . Hacking Detections 18 | . 3 2 6 1 6 . . . . . . . . Full Trace Events 2 | . 2 . . . . . . . . . . . . Feedback Events . | . . . . . . . . . . . . . . Feedback Blocked . | . . . . . . . . . . . . . . Robot Schematics Acquired 7 | . . . . . . . . . . . . 7 . Robots Built . | . . . . . . . . . . . . . . Matter . | . . . . . . . . . . . . . . Time . | . . . . . . . . . . . . . . Total Robot Build Rating . | . . . . . . . . . . . . . . Part Schematics Acquired 30 | . . . . . 9 . . . 16 . . 5 . Parts Built . | . . . . . . . . . . . . . . Matter . | . . . . . . . . . . . . . . Time . | . . . . . . . . . . . . . . Total Part Build Rating . | . . . . . . . . . . . . . . Parts Repaired . | . . . . . . . . . . . . . . Time . | . . . . . . . . . . . . . . Parts Recycled . | . . . . . . . . . . . . . . Recycled Matter . | . . . . . . . . . . . . . . Retrieved Matter . | . . . . . . . . . . . . . . Retrieved Components . | . . . . . . . . . . . . . . Parts Scanalyzed . | . . . . . . . . . . . . . . Part Schematics Acquired . | . . . . . . . . . . . . . . Parts Damaged . | . . . . . . . . . . . . . . Bothacking | -11 -10 -9 -9 -8 -7 -7 -7 -6 -6 -6 -6 -6 -5 ------------ Run | Scr Mat Mat Sto Mat Fac Low Zio Pro Fac Low Low Dat Pro Used RIF Installer . | . . . . . . . . . . . . . . Robots Hacked . | . . . . . . . . . . . . . . Non-combat . | . . . . . . . . . . . . . . Combat . | . . . . . . . . . . . . . . Robot Hacks Applied . | . . . . . . . . . . . . . . Relay Couplers Released . | . . . . . . . . . . . . . . Robots Rewired . | . . . . . . . . . . . . . . Allies Hacked . | . . . . . . . . . . . . . . Hacks Repelled . | . . . . . . . . . . . . . . Allies | -11 -10 -9 -9 -8 -7 -7 -7 -6 -6 -6 -6 -6 -5 -------- Run | Scr Mat Mat Sto Mat Fac Low Zio Pro Fac Low Low Dat Pro Total Allies 12 | . . . 1 . 1 . 4 . 6 . . . . Largest Group 6 | . . . 1 . 1 . 4 4 6 . . . . Highest-Rated Group 420 | . . . 99 . 10 . 158 158 420 . . . . Highest-Rated Ally 99 | . . . 99 . 10 . 41 41 70 . . . . Zionite Dispatches 2 | . . . . . . . . . 2 . . . . Light 2 | . . . . . . . . . 2 . . . . Total Orders 1 | . . . . . 1 . . . . . . . . STAY 1 | . . . . . 1 . . . . . . . . Ally Attacks 112 | . . . 38 . . . . 8 66 . . . . Total Damage 2500 | . . . 1126 . . . . 104 1270 . . . . Kills 34 | . . . 22 . . . . 1 11 . . . . Allies Corrupted . | . . . . . . . . . . . . . . Allies Melted . | . . . . . . . . . . . . . . Intel | -11 -10 -9 -9 -8 -7 -7 -7 -6 -6 -6 -6 -6 -5 ------- Run | Scr Mat Mat Sto Mat Fac Low Zio Pro Fac Low Low Dat Pro Robot Analysis Total 118 | . 2 1 . . . . . . . . . 115 . Derelict Logs Recovered 3 | . . . . . . . 1 1 . . 1 . . Drone Launches . | . . . . . . . . . . . . . . Drone Recoveries . | . . . . . . . . . . . . . . Zionite Intel Received 2 | . . . . . . . . . 2 . . . . Guard Positions 1 | . . . . . . . . . 1 . . . . Unaware Analyses 1 | . . . . . . . . . 1 . . . . Exploration | -11 -10 -9 -9 -8 -7 -7 -7 -6 -6 -6 -6 -6 -5 ------------- Run | Scr Mat Mat Sto Mat Fac Low Zio Pro Fac Low Low Dat Pro Turns Passed 4492 | 79 360 589 880 642 480 6 552 135 183 318 111 53 104 Spaces Moved 6095 | 49 206 269 382 233 1323 14 1134 418 560 758 383 141 225 Core 187 | 49 8 . . . . . 20 . . . . . 110 Treads 692 | . . 78 381 233 . . . . . . . . . Legs . | . . . . . . . . . . . . . . Wheels 389 | . 198 191 . . . . . . . . . . . Hover 1 | . . . 1 . . . . . . . . . . Flight 4826 | . . . . . 1323 14 1114 418 560 758 383 141 115 Fastest Speed 26 | 50 110 120 160 170 26 26 26 26 26 26 29 29 35 Average Speed 51 | 131 123 137 179 178 26 26 26 26 26 28 29 29 42 Slowest Speed 200 | 200 200 200 200 200 26 26 200 26 26 29 29 35 50 Overloaded Moves . | . . . . . . . . . . . . . . Propulsion Burnouts . | . . . . . . . . . . . . . . Robots Hopped 21 | . . . . . 9 . . . 8 . 2 2 . Cave-ins Triggered . | . . . . . . . . . . . . . . Exploration Rate (%) 46 | 4 31 35 52 37 34 10 90 65 17 80 69 82 46 Regions Visited 13 Branch Regions 8 Pre-discovered Areas 29 | . . . . . . . 2 . . . . 27 . Known Exits Taken 3 | . . 1 . 1 1 . . . . . . . . Unknown Exits Taken 10 | 1 1 . 1 . . 1 1 1 1 1 1 1 . Scrap Searched 7 | . . . . . . . 4 . . 2 . . 1 Spaces Dug 6 | . . . 4 . . . . 1 . . . . 1 Terrain Destroyed 6 | . . . 4 . . . . 1 . . . . 1 Melee 2 | . . . . . . . . 1 . . . . 1 Projectile . | . . . . . . . . . . . . . . AOE 4 | . . . 4 . . . . . . . . . . Terrain Rammed . | . . . . . . . . . . . . . . Walls Destroyed . | . . . . . . . . . . . . . . Machines Disabled . | . . . . . . . . . . . . . . Actions | -11 -10 -9 -9 -8 -7 -7 -7 -6 -6 -6 -6 -6 -5 --------- Run | Scr Mat Mat Sto Mat Fac Low Zio Pro Fac Low Low Dat Pro Total 7015 | 62 259 386 518 339 1445 15 1385 441 579 824 380 148 234 Wait 399 | . 12 11 14 8 69 2 208 22 13 33 . 1 6 Move 6042 | 48 205 268 381 232 1304 13 1133 417 545 757 378 136 225 Hop 19 | . . . . . 9 . . . 6 . 2 2 . Pick Up 67 | 7 6 20 19 4 2 . 3 . 1 3 . 2 . Fast Attach 55 | 3 1 4 8 6 13 . 16 . 1 2 . 1 . Attach 36 | 3 2 9 6 4 6 . 2 . 2 2 . . . Detach 5 | . . . . 1 . . 3 . 1 . . . . Swap 25 | 1 1 3 9 1 . . 2 1 3 4 . . . Drop 93 | . 1 17 26 4 18 . 18 . 1 3 . 3 2 Fire 210 | . 31 51 35 76 6 . . . 3 8 . . . Melee 18 | . . . . . . . . 1 3 12 . 1 1 Ram 2 | . . 2 . . . . . . . . . . . Kick . | . . . . . . . . . . . . . . Crush 24 | . . 1 20 3 . . . . . . . . . Escape Stasis 18 | . . . . . 18 . . . . . . . . Rewire . | . . . . . . . . . . . . . . Trap 2 | . . . . . . . . . . . . 2 . Miscellaneous . | . . . . . . . . . . . . . . Route ------- -11/Scrapyard -10/Materials -9/Materials (discovered 2 exits: Min / *Sto) -9/Storage -8/Materials (discovered 3 exits: *Fac x3) -7/Factory (discovered 2 exits: *Low x2) -7/Lower Caves -7/Zion -6/Proximity Caves -6/Factory (discovered 2 exits: Fac / *Low) -6/Lower Caves -6/Lower Caves (discovered 2 exits: *Fac / *Dat) -6/Data Miner -5/Proximity Caves History --------- Turn | Location | Event 4 | -11/Scrapyard | Discovered new exit (range 15) 80 | -11/Scrapyard | Entered Materials 314 | -10/Materials | Build established: Mutant 320 | -10/Materials | Discovered new exit (range 5) 440 | -10/Materials | Entered another Materials area 440 | -9/Materials | Evolved 2 slots: Utility x2 657 | -9/Materials | Identified exit to Mines 657 | -9/Materials | Identified exit to Storage 944 | -9/Materials | Build established: Scavenger-Mutant 1029 | -9/Materials | Entered Storage 1058 | -9/Storage | Met 01-MTF 1371 | -9/Storage | Discovered new exit (range 16) 1579 | -9/Storage | Build established: Mutant 1626 | -9/Storage | Found Prototype Launcher 1629 | -9/Storage | Garrison activated, responded to threat 1844 | -9/Storage | Destroyed 01-MTF 1856 | -9/Storage | Found Prototype Device 1857 | -9/Storage | Identified 01-MTF's Autohacker 1869 | -9/Storage | Found 01-MTF's Shockpuncher 1909 | -9/Storage | Entered Materials 1909 | -8/Materials | Evolved 2 slots: Propulsion x2 2097 | -8/Materials | Identified exit to Factory 2551 | -8/Materials | Entered Factory 2551 | -7/Factory | Evolved 2 slots: Utility x2 2653 | -7/Factory | Identified exit to Lower Caves 2710 | -7/Factory | Identified Gui. Missile Launcher 2842 | -7/Factory | Build established: Scavenger-Sprinter 3031 | -7/Factory | Entered Lower Caves 3034 | -7/Lower Caves | A Derelict revealed a hidden shortcut to a safe place 3037 | -7/Lower Caves | Entered Zion 3057 | -7/Zion | Discovered new exit (range 15) 3083 | -7/Zion | Found CR-A16's Pointy Stick 3092 | -7/Zion | Learned Factory emergency access door positions 3113 | -7/Zion | Learned location of Warlord (-5) 3154 | -7/Zion | Learned location of 1 exit from Factory 3171 | -7/Zion | Given A8's code to call for help 3176 | -7/Zion | Found Prototype Device 3184 | -7/Zion | Acquired unknown access codes intercepted by a Zionite 3223 | -7/Zion | Identified Phasing AFG 3240 | -7/Zion | Found Prototype Processor 3240 | -7/Zion | Identified Exp. Target Analyzer 3242 | -7/Zion | Found Prototype Processor 3242 | -7/Zion | Identified Exp. Terrain Scan Processor 3244 | -7/Zion | Found Prototype Processor 3244 | -7/Zion | Identified Exp. Armor Integrity Analyzer 3342 | -7/Zion | Imprinted 3344 | -7/Zion | Declared Zion's savior 3377 | -7/Zion | Build established: Sprinter 3589 | -7/Zion | Entered Proximity Caves 3589 | -6/Proximity Caves | Accompanied by 4 allies 3673 | -6/Proximity Caves | Learned Factory trap positions 3722 | -6/Proximity Caves | Discovered new exit (range 13) 3724 | -6/Proximity Caves | Entered Factory 3724 | -6/Factory | Evolved 2 slots: Utility x2 3725 | -6/Factory | Identified exit to Factory 3726 | -6/Factory | Loaded intel: 68 trap records 3740 | -6/Factory | Zion Light squad teleported in 3753 | -6/Factory | Zion Light squad teleported in 3757 | -6/Factory | Garrison activated, responded to threat 3769 | -6/Factory | Found Prototype Protection 3769 | -6/Factory | Identified Zio. Weapon Casing 3797 | -6/Factory | Retrieved Zion intel report: Guard Positions 3862 | -6/Factory | Discovered new exit (range 20) 3888 | -6/Factory | Retrieved Zion intel report: Unaware Analyses 3907 | -6/Factory | Entered Lower Caves 3915 | -6/Lower Caves | Spotted B-75 Beast 3969 | -6/Lower Caves | Destroyed B-75 Beast 3993 | -6/Lower Caves | Lost 3 parts (1n2u) 4014 | -6/Lower Caves | Encountered a Warlord checkpoint 4223 | -6/Lower Caves | Discovered new exit (range 8) 4225 | -6/Lower Caves | Entered another Lower Caves area 4227 | -6/Lower Caves | Attracted the attention of an 0b10 checkpoint 4239 | -6/Lower Caves | Discovered exit to Factory (range 13) 4264 | -6/Lower Caves | Encountered a Warlord checkpoint 4275 | -6/Lower Caves | Build established: Scavenger-Sprinter 4314 | -6/Lower Caves | Learned Factory trap positions 4333 | -6/Lower Caves | Discovered new exit (range 13) 4336 | -6/Lower Caves | Entered Data Miner 4336 | -6/Data Miner | Discovered new exit (range 6) 4340 | -6/Data Miner | Met Data Miner 4351 | -6/Data Miner | Learned location of Section 7 (-2) 4351 | -6/Data Miner | Acquired the access code to Warlord's prototype stash 4355 | -6/Data Miner | Received God Mode back door access code from Data Miner 4371 | -6/Data Miner | Destroyed Data Miner 4374 | -6/Data Miner | Found Prototype Hackware 4375 | -6/Data Miner | Found Prototype Hackware 4377 | -6/Data Miner | Interfaced with the Data Conduit 4378 | -6/Data Miner | Found Prototype Hackware 4378 | -6/Data Miner | Identified Quantum Router 4389 | -6/Data Miner | Entered Proximity Caves 4418 | -5/Proximity Caves | Lost 3 parts (1p2n) 4457 | -5/Proximity Caves | Spotted B-75 Beast 4459 | -5/Proximity Caves | Core integrity fell below 50% 4480 | -5/Proximity Caves | Core integrity fell below 20% 4492 | -5/Proximity Caves | Lost 3 parts (1n1u1w) 4493 | -5/Proximity Caves | Destroyed by S-27 Virus with Autogun Last Messages --------------- Downloaded encryption format records. Connection remotely terminated. 04377_ Dropped Zio. Weapon Casing. 04378_ Acquired Prototype Hackware. 04378_ Identified Quantum Router. 04384_ Imp. Flight Unit destroyed. 04385_ Mni. Fusion Reactor destroyed. 04387_ Imp. Flight Unit destroyed. LOCATION=UNKNOWN GOAL=ESCAPE 04390_ Dropped Lyr. Medium Armor Plating. 04417_ Searching scrap... 04417_ Found Mak. Salvage Targeting Computer. 04417_ Found Mak. System Restoration Module. 04417_ Found 17 Matter. 04435_ Imp. Cesium-ion Thruster destroyed. 04446_ CR-A16's Pointy Stick destroyed. 04456_ Dropped Imp. Cooling System. 04461_ Adv. Weight Redist. System destroyed. 04464_ Knocked back. Map ----- +----------------------------------------------------+ | | | | | | | | | | | | | | | | | | | ?????????????????????????????????????????????????? | | ?????????????????????????????????????????????????? | | ?????????????????????????????????????????????????? | | ?????????????????????????????????????????????????? | | ?????????????????????????????????????????????????? | | ?????????????????????????????????????????????????? | | ?????????????????????????????????????????????????? | | ?????????????????????????????????????????????????? | | ?????????????????????????????????????????????????? | | ?????????????????????????????????????????????????? | | ?????????????????????????????????????????????????? | | ?????????????????????????????????????????????????? | | ?????????????????????????????????????????????????? | | ?????????????????????????????????????????????????? | | ????????????????????????####?????????????????????? | | ???????????????????????## ######????????????????? | | ??????????????????????## @# ###??????????????? | | ??????????????????????# # ##?????????????? | | ??????????????????????# s #?????????????? | | ??????????????????????## ### ### #?????????????? | | ???????????????????????#s## ##??###?????????????? | | ???????????????????????# ## #?###???????????????? | | ???????????????????????# ### ##??????????????? | | ???????????????????????#### ## ##?????????????? | | ??????????????#####???????# ## #?????????????? | | ??????#####???# ##?????## # #?????????????? | | #???### #???? #?????# #?????????????? | | ##### #???? #?????# #?????????????? | | ## #?????# ##???## #### #?????????????? | | ####### #??## ##??## #?????????????? | | #### ##?????##?????????????? | | # "# #?????????????????????? | | ## ##?????????????????????? | | ?#### ##"##????????????????????? | | ????## ##?## ##???????????????????? | | ????## ### ##??# #???????????????????? | | ????# #?# ##??# ##??????????????????? | | ????# ### #?# #??# ##?????????????????? | | ####?# #"### #??# ##????????????????? | | # ##????######## #### #????????????????? | | # ##??????####### ## ####????????????????? | +----------------------------------------------------+ Best States ------------- Heat Dissipation 64 Coolant Potential 65 Energy Generation 27 Energy Capacity 730 Matter Stores 300 Matter Capacity 300 Sight Range 23 Robot Scan Range 22 Terrain Scan Density 10 Additional Mass Support 9 Armor Coverage 450 Utility Shielding 33 Weapon Shielding 100 Evasion (%) 64 Melee Accuracy 8 Target Analysis 12 Armor Integrity Analysis 90 Recoil Reduction 3 Defensive Hacking 25 Item Schematics ----------------- Minigun | -7/Factory | Extracted Med. Storage Unit | -7/Factory | Extracted System Shield | -7/Factory | Extracted Disposable Heat Sink | -7/Factory | Extracted Imp. Utility Shielding | -7/Factory | Extracted Lgt. Deuterium Engine | -7/Factory | Extracted Com. Matter Pod | -7/Factory | Extracted Coolant Injector | -7/Factory | Extracted Neutrino Core | -7/Factory | Hacked Melee Analysis Suite | -6/Factory | Extracted Exp. Sensor Array | -6/Factory | Extracted Cld. Aerolev Unit | -6/Factory | Extracted Particle Charger | -6/Factory | Extracted Imp. Shield Generator | -6/Factory | Extracted Powered Hammer | -6/Factory | Extracted Cld. Cesium-ion Thruster | -6/Factory | Extracted Shield Generator | -6/Factory | Extracted Propulsion Shielding | -6/Factory | Extracted Nuclear Pulse Thruster | -6/Factory | Extracted Plasma Cutter | -6/Factory | Extracted Imp. Salvage Targeting Computer | -6/Factory | Extracted Imp. Core Shielding | -6/Factory | Extracted Lrg. Battery | -6/Factory | Extracted Electrolaser | -6/Factory | Extracted Scythe | -6/Factory | Extracted Combat Drone Bay | -6/Data Miner | Free Lgt. Regenerative Plating | -6/Data Miner | Free Exp. Targeting Computer | -6/Data Miner | Free Exp. ECM Suite | -6/Data Miner | Free Kinetic Spear | -6/Data Miner | Free Robot Schematics ------------------ S-27 Virus | -6/Data Miner | Free G-50 Soldier | -6/Data Miner | Free G-67 Veteran | -6/Data Miner | Free H-66 Slayer | -6/Data Miner | Free X-72 Disruptor | -6/Data Miner | Free I-36 Angel | -6/Data Miner | Free I-47 Archangel | -6/Data Miner | Free Fabricated ------------ Nothing Alien Tech Used ----------------- None Achievements -------------- None Challenges ------------ None Game ------ Seed GravityMyomerCarapace Manual? 0 Play Time 01:00:01 Cumulative 382.7 hours Start 2021.04.06 @ 21:20:02 End 2021.04.06 @ 22:22:55 Sessions 1 Manual Loads 0 Difficulty Rogue Special Mode None Game No. 300 Rogue 293 Adventurer 0 Explorer 7 Win Type - Total 16 Types 6/1/9/0/0/0/0/0/0 Lore% 79 Gallery% 93 Achievement% 76 Wizard Run 0 Options --------- ASCII 0 Keyboard 0 Movement Numpad Keybinds 0 Fullscreen 1 Font 18/X11Bold Map View 76x50 Tactical HUD 1 Map Filters NONE Filters NONE Steam 1 RUN: 73867684-b568-49cc-ab21-160c8143efe6